Map: Lerilak Crest

Players

Crabro

  • Race: Zerg Zerg
  • League: Platinum

飞龙骑脸 - Winner!

  • Race: Terran Terran
  • League: Platinum

VOD

Have the link to the VOD?

Description

Failed Swarm Host Game

Time

  • Played on: Oct. 5, 2015, 2:24 p.m.
  • Length: 24:36
Show
View Real Time Build Order
Export as new Build Order

Crabro Zerg 

Build Orders: Hatch First, Swarm Host 

Get SALT Encoding   

  12  0:01  Drone  
  13  0:12  Overlord  
  13  0:17  Drone  
  14  0:31  Drone x2  
  16  0:39  Drone  
  17  0:54  Hatchery  
  16  0:58  Drone  
  17  1:12  Spawning Pool  
  17  1:14  Drone  
  17  1:20  Drone, Extractor  
  17  1:23  Drone  
  18  1:28  Drone  
  19  1:39  Overlord  
  19  1:55  Drone  
  19  1:58  Queen  
  21  2:01  Drone  
  21  2:05  Queen  
  21  2:06  Zergling x2  
  25  2:15  Drone  
  26  2:21  Drone  
  27  2:24  Drone  
  27  2:28  Overlord  
  28  2:32  Drone  
  28  2:35  Metabolic Boost  
  29  2:41  Drone  
  30  2:46  Queen  
  32  2:54  Drone x2  
  34  2:59  Drone  
  34  3:05  Drone x2  
  37  3:10  Extractor  
  36  3:13  Lair  
  36  3:14  Drone  
  36  3:15  Drone x2  
  39  3:31  Zergling x10  
  43  3:38  Extractor  
  42  3:43  Drone x2  
  42  3:46  Overlord x2  
  44  3:49  Overlord  
  44  4:16  Infestation Pit  
  37  4:50  Drone x3  
  38  4:58  Swarm Host x5  
  53  5:09  Zergling x6  
  53  5:11  Zergling x6  
  59  5:14  Drone  
  59  5:18  Hatchery  
  59  5:26  Drone x3  
  59  5:27  Drone x2  
  64  5:39  Drone x3  
  64  5:41  Overlord x2  
  67  5:51  Evolution Chamber  
  67  5:52  Evolution Chamber  
  67  5:53  Baneling Nest  
  67  5:54  Drone  
  65  6:05  Drone x4  
  65  6:06  Drone  
  70  6:16  Drone x4  
  70  6:17  Drone  
  75  6:27  Drone x2  
  75  6:29  Zerg Ground Armor Level 1, Extractor  
  75  6:31  Zerg Melee Weapons Level 1  
  76  6:36  Centrifical Hooks  
  76  6:44  Drone x3  
  76  6:45  Drone x4  
  76  7:08  Zergling x6  
  76  7:09  Zergling x10  
  81  7:19  Zergling x2  
  81  7:22  Overlord x2, Extractor  
  81  7:25  Extractor  
  80  7:31  Spore Crawler x2, Spine Crawler, Drone x4  
  80  7:32  Drone  
  80  7:35  Baneling x6  
  80  7:36  Baneling x2  
  82  7:49  Overlord x2  
  82  7:50  Overlord  
  82  7:51  Zergling x8  
  84  8:15  Zergling x8  
  84  8:16  Zergling x14  
  86  8:32  Drone x3  
  85  8:46  Drone x2  
  85  8:47  Drone x3  
  66  9:06  Spore Crawler  
  56  9:16  Zergling x22  
  63  9:25  Spine Crawler  
  63  9:26  Zergling x2  
  63  9:31  Queen x2  
  65  9:33  Zergling x8  
  73  9:40  Zergling x2  
  73  9:41  Zergling x2  
  73  9:43  Spine Crawler x2  
  70  10:05  Hatchery  
  69  10:10  Zergling x8  
  69  10:11  Zergling x2  
  74  10:16  Baneling x3  
  74  10:17  Baneling x5  
  74  10:19  Drone  
  75  10:34  Drone x2  
  77  10:39  Hive  
  76  11:15  Drone x4  
  76  11:16  Drone x4  
  84  11:19  Baneling x5  
  84  11:20  Baneling x4  
  84  11:24  Queen  
  86  11:27  Overlord  
  86  11:31  Spire  
  85  11:49  Drone  
  85  11:50  Drone x4  
  90  11:58  Hatchery  
  89  12:20  Zergling x6  
  89  12:21  Zergling x22  
  89  12:22  Baneling  
  98  12:23  Baneling x3  
  98  12:25  Baneling x4  
  98  12:34  Zergling x6  
  95  12:37  Spine Crawler  
  95  12:39  Baneling x3  
  95  12:40  Spore Crawler, Baneling  
  95  12:42  Baneling x3  
  95  12:43  Baneling x6  
  82  13:08  Zergling x8  
  82  13:09  Zergling x14  
  82  13:10  Zergling x2  
  88  13:18  Drone x4  
  92  13:25  Ultralisk Cavern  
  82  13:41  Baneling x2  
  80  13:53  Extractor  
  77  13:59  Baneling  
  77  14:00  Baneling x16  
  77  14:01  Baneling x5  
  76  14:10  Mutalisk  
  78  14:25  Mutalisk x8  
  78  14:26  Mutalisk x7  
  78  14:30  Zergling x6  
  78  14:31  Zergling x2  
  92  14:45  Extractor  
  91  14:46  Extractor  
  91  14:50  Overseer  
  91  14:52  Pneumatized Carapace  
  88  15:22  Chitinous Plating  
  88  15:25  Ultralisk  
  92  15:39  Hatchery  
  91  15:44  Zergling x2  
  91  15:45  Zergling x32  
  103  16:02  Baneling x3  
  101  16:32  Extractor  
  99  16:33  Extractor  
  82  17:04  Queen  
  82  17:06  Adrenal Glands  
  81  17:21  Mutalisk x4  
  81  17:22  Mutalisk x2  
  95  17:35  Spine Crawler x2  
  90  17:48  Ultralisk  
  90  18:00  Zergling x6  
  90  18:01  Zergling x8  
  97  18:10  Drone x3  
  100  18:38  Baneling x7  
  100  18:39  Baneling x3  
  81  19:04  Zergling x12  
  81  19:05  Zergling x2  
  82  19:22  Hatchery  
  81  19:24  Baneling  
  81  19:25  Baneling x6  
  81  19:26  Baneling x4  
  50  19:46  Zergling x2  
  50  19:47  Zergling x24  
  50  19:48  Zergling x2  
  56  20:44  Hatchery  
  55  20:56  Greater Spire  
  55  21:16  Corruptor  
  57  21:26  Zergling x2  
  34  22:06  Corruptor  
Show
View Real Time Build Order
Export as new Build Order

飞龙骑脸 Terran - Winner!

Build Orders: Bio Tank, MMM Bio 

Get SALT Encoding   

  12  0:01  SCV  
  13  0:13  SCV  
  14  0:18  Supply Depot  
  14  0:25  SCV  
  15  0:39  SCV  
  15  0:41  Barracks  
  16  0:45  Refinery  
  16  0:51  SCV  
  17  1:03  SCV  
  18  1:15  SCV  
  19  1:28  Orbital Command  
  19  1:29  Supply Depot  
  19  1:30  Marine  
  20  1:34  Refinery  
  20  1:47  Factory  
  20  1:59  SCV  
  21  2:09  Barracks Reactor  
  22  2:17  SCV  
  22  2:20  Command Center  
  22  2:29  SCV  
  23  2:41  SCV  
  24  2:47  Barracks  
  24  2:53  SCV  
  24  2:54  Hellion  
  24  2:55  Hellion  
  24  2:56  Barracks Tech Lab  
  28  3:05  SCV  
  29  3:10  Starport  
  29  3:16  Hellion  
  31  3:21  Supply Depot  
  31  3:29  Stimpack  
  31  3:37  Hellion  
  33  3:44  Hellion  
  33  3:47  Barracks Reactor  
  35  3:52  SCV  
  35  3:54  Starport Reactor  
  36  4:00  SCV  
  37  4:12  Hellion  
  37  4:13  Marine  
  37  4:14  SCV  
  37  4:15  SCV  
  42  4:26  SCV  
  43  4:31  Marine  
  38  4:49  SCV x2, Marine  
  37  4:53  Medivac, Marine x2  
  37  4:54  Medivac  
  37  4:57  Factory Tech Lab  
  43  5:01  SCV, Armory  
  43  5:05  Barracks, Orbital Command  
  43  5:07  Marine  
  42  5:11  Marine x2  
  45  5:17  SCV  
  46  5:27  Siege Tank  
  49  5:29  SCV  
  49  5:30  Medivac  
  49  5:33  Marine  
  49  5:34  Marine  
  54  5:39  Marine  
  54  5:41  SCV x2, Supply Depot  
  57  5:52  Marine x4  
  57  5:53  SCV  
  62  6:02  Marine  
  62  6:03  Supply Depot, SCV  
  64  6:05  SCV  
  64  6:06  Supply Depot  
  64  6:10  Marine x4  
  69  6:15  SCV  
  70  6:19  Engineering Bay  
  71  6:28  Marine  
  71  6:29  Marine  
  72  7:04  Marine  
  72  7:05  Marine  
  72  7:07  Siege Tank  
  77  7:13  Command Center  
  73  7:22  Marine  
  74  7:23  Marine  
  75  7:34  SCV  
  75  7:35  SCV, Barracks x2  
  77  7:38  Barracks  
  77  7:40  Siege Tank, Marine  
  77  7:41  Marine  
  82  7:47  SCV x2  
  84  7:53  Terran Infantry Weapons Level 1  
  84  7:56  Supply Depot  
  84  7:57  Marine  
  85  7:59  SCV  
  85  8:02  SCV, Marine  
  85  8:11  SCV  
  85  8:14  SCV  
  85  8:15  Marine  
  85  8:18  Supply Depot  
  80  8:22  Siege Tank  
  83  8:39  SCV x2  
  85  8:45  Marine x2  
  87  8:54  Siege Tank  
  80  9:03  Marine x2  
  78  9:17  Barracks Tech Lab  
  78  9:21  Marine x2  
  70  9:38  Marine  
  70  9:39  Marine  
  70  9:56  Marine x2  
  70  10:08  Siege Tank  
  70  10:11  Marauder  
  70  10:12  Combat Shields  
  70  10:13  Starport Tech Lab  
  69  10:14  Marine x2  
  69  10:19  Barracks  
  71  10:21  Barracks  
  71  10:27  Planetary Fortress  
  71  10:33  Marauder  
  73  10:36  Barracks Reactor  
  73  10:37  Barracks Reactor  
  73  10:39  Command Center  
  73  10:40  Siege Tank, Missile Turret  
  76  10:48  Banshee  
  79  10:52  Refinery x2  
  79  10:54  Refinery, Marauder  
  79  10:56  Refinery, Marine  
  79  10:57  Marine  
  81  11:12  Siege Tank  
  81  11:14  Marine x2  
  81  11:15  Marauder  
  81  11:16  Marine x3  
  81  11:17  Marine x3  
  91  11:26  SCV  
  91  11:27  SCV  
  91  11:32  Banshee, Marine x2  
  97  11:34  Marine x6  
  97  11:36  Marine  
  97  11:38  SCV  
  97  11:39  SCV  
  107  11:40  Terran Infantry Armor Level 1  
  107  11:41  Starport  
  107  11:44  Siege Tank, Concussive Shells  
  110  11:50  SCV, Marine x2  
  110  11:51  SCV  
  110  11:52  Marine x6  
  120  11:54  Marine  
  120  11:57  Planetary Fortress  
  121  12:02  SCV  
  121  12:03  SCV  
  121  12:07  Marine  
  121  12:08  Marine  
  124  12:09  Marine  
  124  12:10  Marine x5  
  124  12:12  Marine  
  124  12:14  SCV  
  132  12:17  SCV  
  132  12:19  Siege Tank, Raven  
  127  12:25  Marine  
  127  12:26  Marine  
  127  12:27  Marine  
  127  12:28  Marine x3  
  132  12:58  Marine  
  132  12:59  Marine  
  132  13:00  Marine x5  
  132  13:01  SCV x2, Marauder, Marine  
  87  13:16  Marine x2  
  87  13:18  Marine x6  
  94  13:23  Marauder  
  91  13:34  Marine x2  
  79  13:36  Marine x6  
  86  13:43  Marine  
  86  13:49  Medivac x2  
  86  13:52  Marine x2  
  86  13:53  Marine  
  86  13:54  Marine x5  
  98  13:58  SCV  
  98  14:01  Marine  
  100  14:09  Marine  
  98  14:10  SCV, Marine  
  98  14:11  Marine  
  98  14:12  Marine x5  
  107  14:19  Medivac x2  
  107  14:22  SCV  
  109  14:30  Marine x9  
  114  14:47  Marine  
  114  14:48  Factory, Marine  
  116  14:54  Refinery  
  116  14:56  Refinery  
  116  15:12  Marine  
  116  15:13  Marine  
  117  15:38  Marine x3  
  117  15:42  Marine x2  
  117  15:48  Marine  
  117  15:52  Marine  
  117  15:53  Marine  
  117  15:55  Marine  
  117  15:57  Marine  
  117  15:59  Marine  
  117  16:01  Marine  
  117  16:02  Marine  
  117  16:07  Marine  
  117  16:08  Marine  
  117  16:17  Marine x2  
  117  16:18  Marine x2  
  117  16:20  Marine  
  117  16:21  Marine x2  
  117  16:25  Marine  
  108  16:26  Marine  
  104  16:35  Marine x2  
  104  16:36  Marine x2  
  104  16:38  Marine  
  104  16:39  Marine x2  
  106  16:42  Marine  
  106  16:44  Marine  
  94  16:53  Marine x2  
  91  16:54  Marine x2  
  91  16:56  Marine  
  91  16:57  Marine x2  
  91  17:00  Marine  
  89  17:01  Marine  
  89  17:07  SCV  
  89  17:08  SCV  
  89  17:09  Factory Tech Lab  
  89  17:11  Marine x2  
  89  17:12  Marine x2  
  89  17:13  Marine  
  89  17:15  Medivac x2, Marine x2  
  98  17:18  Marine  
  98  17:19  Marine  
  98  17:20  SCV x2  
  102  17:29  Marine x4  
  104  17:31  Marine  
  104  17:32  SCV  
  108  17:50  Marauder  
  93  17:59  Marine  
  93  18:00  Marine x5  
  93  18:01  Marine  
  93  18:02  Medivac x2  
  104  18:11  Orbital Command, Marauder  
  106  18:21  Siege Tank  
  106  18:23  Marine x2  
  111  18:32  Marauder  
  113  18:41  Missile Turret  
  111  18:53  Siege Tank  
  111  18:54  Marauder  
  116  18:56  SCV  
  116  19:00  Missile Turret  
  117  19:30  SCV, Marauder  
  113  19:31  Siege Tank  
  113  19:37  Marine x8  
  89  19:51  Marine  
  84  19:54  Marine  
  84  19:55  Marine x7  
  92  20:08  Marine  
  92  20:12  Marine  
  92  20:13  Marine x7  
  101  20:16  SCV  
  103  20:26  Marine  
  103  20:28  Orbital Command  
  103  20:29  SCV  
  103  20:30  Marine  
  103  20:31  Marine  
  106  20:42  Medivac x2  
  108  20:45  Marauder  
  112  20:55  Command Center  
  112  20:56  SCV  
  113  21:06  Marauder  
  113  21:08  SCV  
  116  21:12  Terran Infantry Weapons Level 2  
  116  21:20  SCV  
  117  21:30  Supply Depot  
  117  21:38  SCV  
  117  21:39  Marauder, Medivac  
  113  21:40  Command Center  
  92  21:54  Supply Depot  
  92  21:56  Marine x8  
  92  22:00  Marine  
  96  22:14  Marine x8  
  101  22:17  Viking  
  101  22:18  Supply Depot, Marine  
  101  22:31  Marine  
  101  22:32  Marine x7  
  101  22:36  Marauder  
  108  22:49  Marine  
  108  22:50  Marine x7  
  116  22:58  Marauder  
  115  23:07  Marine  
  115  23:08  Marine x7  
  123  23:19  Marine  
  124  23:25  Marine x7  
  124  23:26  Marine  
  119  23:37  Marine  
  120  23:42  Missile Turret  
  120  23:43  Planetary Fortress, Marine x8  
  128  23:52  Viking  
  128  23:53  Viking  
  128  23:54  Marine  
  133  24:00  Marine  
  133  24:01  Marine x6  
  140  24:07  Missile Turret  
  140  24:13  Marauder  
Tags
 
Add a new tag
Caveats
  • Supply blocks, unpowered buildings, or Contaminate may cause inaccurate times.
  • Supply counts are checked every 10 seconds.